Map: Year Zero LE

Players

Minatoeh (Minato)

  • Race: Zerg Zerg
  • Spawn Location: 11:00

Cham - Winner!

  • Race: Zerg Zerg
  • Spawn Location: 1:00

Event: 2019 WCS Spring

VOD

Have the link to the VOD?

Description

Time

  • Played on: May 17, 2019, 7:25 a.m.
  • Length: 6:21

All games in this series

Show
View Real Time Build Order
Export as new Build Order

Minatoeh Zerg 

Build Orders: 3 Hatch before Pool 

Get SALT Encoding   

  12  0:00  Drone  
  13  0:13  Overlord  
  13  0:18  Drone  
  14  0:31  Drone  
  14  0:32  Drone  
  16  0:50  Hatchery  
  16  0:54  Drone  
  16  0:58  Drone  
  17  1:20  Hatchery  
  17  1:22  Drone  
  17  1:24  Extractor  
  16  1:27  Drone  
  17  1:42  Spawning Pool  
  17  1:44  Drone  
  17  1:49  Drone  
  17  1:52  Drone  
  19  1:57  Drone  
  20  2:02  Drone  
  20  2:07  Drone  
  22  2:16  Drone  
  22  2:19  Drone  
  24  2:28  Metabolic Boost  
  24  2:29  Zergling x4  
  26  2:33  Queen  
  28  2:40  Queen  
  30  2:45  Overlord  
  30  2:47  Zergling x2  
  30  2:50  Zergling x2  
  32  2:58  Zergling x4  
  34  3:03  Zergling x8  
  38  3:08  Overlord  
  38  3:11  Overlord  
  38  3:19  Zergling x6  
  41  3:28  Zergling x6  
  44  3:36  Queen  
  44  3:37  Zergling x4  
  48  3:42  Zergling x2  
  49  3:49  Zergling x10  
  53  3:56  Zergling x6  
  53  4:00  Zergling x2  
  53  4:01  Zergling x2  
  46  4:21  Zergling x18  
  50  4:24  Zergling x2  
  49  4:36  Zergling x10  
  49  4:37  Zergling x2  
  49  4:45  Zergling x2  
  49  4:51  Zergling x4  
  51  4:55  Zergling x2  
  51  4:56  Zergling x8  
  51  4:57  Zergling x2  
  51  5:03  Zergling x4  
  51  5:09  Zergling x2  
  51  5:10  Zergling x4  
  51  5:11  Zergling x2  
  52  5:18  Zergling x4  
  52  5:20  Zergling x2  
  51  5:33  Zergling x2  
  51  5:34  Zergling x12  
  52  5:42  Zergling x8  
  50  5:47  Zergling x4  
  50  5:49  Zergling x2  
  53  5:56  Zergling x4  
  54  6:01  Zergling x2  
Show
View Real Time Build Order
Export as new Build Order

Cham Zerg - Winner!

Build Orders: Hatch First, Zergling Baneling 

Get SALT Encoding   

  12  0:01  Drone  
  13  0:08  Drone  
  14  0:18  Overlord  
  14  0:36  Drone x2  
  16  0:49  Hatchery  
  15  0:52  Drone  
  15  0:56  Drone  
  17  1:08  Extractor  
  16  1:13  Spawning Pool  
  16  1:16  Drone  
  16  1:19  Drone  
  16  1:23  Drone  
  19  1:32  Drone  
  19  1:53  Overlord  
  19  2:00  Queen  
  19  2:01  Queen  
  23  2:02  Zergling x4  
  23  2:08  Drone  
  26  2:10  Metabolic Boost  
  26  2:15  Drone  
  27  2:18  Drone  
  28  2:24  Drone x2  
  30  2:43  Hatchery, Drone  
  30  2:49  Drone  
  30  2:51  Overlord  
  31  3:01  Baneling Nest  
  31  3:03  Drone  
  31  3:04  Drone x2  
  33  3:09  Overlord  
  33  3:13  Drone  
  33  3:17  Drone x2  
  36  3:20  Zergling x2  
  36  3:23  Zergling x2  
  36  3:25  Drone  
  39  3:28  Drone  
  39  3:33  Overlord  
  39  3:34  Zergling x2  
  41  3:38  Zergling x2  
  41  3:39  Evolution Chamber  
  41  3:43  Evolution Chamber  
  41  3:44  Baneling x2  
  41  3:45  Baneling  
  40  3:48  Zergling x2  
  40  3:49  Zergling x2  
  40  3:55  Baneling x2, Zergling x2  
  42  3:56  Zergling x2  
  42  3:57  Zergling x2  
  42  4:05  Baneling  
  42  4:06  Baneling  
  42  4:08  Zergling x6  
  44  4:13  Zergling x2  
  44  4:15  Zergling x4  
  44  4:16  Zergling x2  
  46  4:23  Baneling  
  45  4:24  Baneling  
  45  4:25  Zergling x4  
  45  4:29  Zergling x2  
  47  4:34  Zergling x2  
  47  4:35  Zergling x6  
  47  4:36  Zergling x2  
  48  4:42  Baneling  
  48  4:43  Zergling x6  
  51  4:49  Zergling x4  
  51  4:51  Queen  
  55  4:55  Zergling x2  
  55  4:58  Zergling x2  
  54  5:00  Zergling x4  
  55  5:07  Zergling x4  
  55  5:08  Zergling x2  
  55  5:09  Baneling  
  55  5:11  Zergling x2  
  55  5:12  Zergling x2  
  58  5:18  Zergling x2  
  58  5:20  Zergling x2  
  54  5:32  Zergling x4  
  54  5:33  Queen  
  54  5:34  Queen  
  53  5:37  Overlord, Zergling x2  
  53  5:42  Zergling x6  
  53  5:44  Zergling x2  
  53  5:45  Zergling x2  
  53  5:48  Zergling x2  
  53  5:49  Baneling  
  54  5:50  Baneling, Zergling x2  
  54  5:55  Zergling x2  
  55  5:59  Zergling x4  
  56  6:05  Baneling x2  
Tags
 
Add a new tag
Caveats
  • Supply blocks, unpowered buildings, or Contaminate may cause inaccurate times.
  • Supply counts are checked every 10 seconds.